 Dungeon Crawl Stone Soup version 0.29.0-4-gdea44cf6ec (webtiles) character file.

Game seed: 13041986150768353119

24034 qw the Brawler (level 12, -9/118 HPs)
             Began as a Troll Cinder Acolyte on Sept 2, 2022.
             Was a Priest of Okawaru.
             Killed from afar by an oklob plant (28 damage)
             ... with a splash of acid
             ... on level 3 of the Lair of Beasts on Sept 3, 2022.
             The game lasted 00:08:30 (22957 turns).

qw the Brawler (Troll Cinder Acolyte)              Turns: 22957, Time: 00:08:30

Health: -9/118     AC:  6    Str: 36    XL:     12   Next: 77%
Magic:  12/14      EV: 14    Int: 10    God:    Okawaru [***...]
Gold:   262        SH:  0    Dex:  5    Spells: 13/13 levels left

rFire   . . .      SeeInvis .     - Unarmed
rCold   . . .      Faith    .   (no shield)
rNeg    + + .      Spirit   .   v - +1 robe "Sonuqiaf" {rN++ Str+7 Archmagi}
rPois   .          Reflect  .   g - +2 hat
rElec   .          Harm     .   s - +2 cloak
rCorr   .          Rampage  .   (gloves unavailable)
Will    .....      Archmagi +   (boots unavailable)
Stlth   ++........              f - amulet of the acrobat
HPRegen 1.09/turn               t - +4 ring of evasion
MPRegen 0.14/turn               p - ring of protection from fire

@: heroic, corroded, fire susceptible
A: large, unfitting armour, claws 3, regeneration 1, shaggy fur 1, tough skin 1
a: Renounce Religion, Heroism


You were on level 3 of the Lair of Beasts.
You worshipped Okawaru.
Okawaru was most pleased with you.
You visited 2 branches of the dungeon, and saw 11 of its levels.

You collected 457 gold pieces.
You spent 195 gold pieces at shops.


Innate Abilities, Weirdness & Mutations

You are too large for most types of armour.
You have claws for hands.
Your natural rate of healing is unusually fast.
You are covered in fur. (AC +1)
You have tough skin. (AC +1)


   Skills:
 - Level 7.0(12.0) Fighting
 + Level 5.9(10.9) Throwing
 - Level 1.1(6.1) Armour
 - Level 4.0(9.0) Dodging
 - Level 17.7(22.7) Unarmed Combat
 - Level 1.0 Spellcasting
 - Level 2.1 Fire Magic
 - Level 4.0 Invocations


You had 13 spell levels left.
You didn't know any spells.
Your spell library contained the following spells:

 Spells                   Type           Power      Damage    Failure   Level
 Scorch                   Fire           14%        2d6       22%         2

Inventory:

Missiles
 b - 3 boomerangs (quivered)
 c - 2 large rocks
Armour
 g - a +2 hat (worn)
 s - a +2 cloak (worn)
 v - the +1 robe "Sonuqiaf" (worn) {rN++ Str+7 Archmagi}
   (You acquired it on level 4 of the Dungeon)

   Str:       It affects your strength (+7).
   rN:        It greatly protects you from negative energy.
   Archmagi:  It increases the power of your magical spells.
Jewellery
 a - a +6 ring of dexterity
 f - an amulet of the acrobat (around neck)
 h - a ring of positive energy
 i - an amulet of regeneration
 l - a ring of protection from fire
 p - a ring of protection from fire (right claw)
 t - a +4 ring of evasion (left claw)
Scrolls
 k - 3 scrolls of enchant armour
 o - 2 scrolls of identify
Potions
 d - a potion of haste
 e - 2 potions of curing
 m - a potion of magic
 n - 2 potions of might
 q - 2 potions of resistance

Dungeon Overview and Level Annotations

Branches:
Dungeon (8/15)             Temple (0/1) D:6            Lair (3/5) D:8
 Spider (0/4) Lair:2
  Swamp: Lair:2-3    Shoals: Lair:2-3

Altars:
Makhleb
Okawaru
Qazlal
Sif Muna
Vehumet
Wu Jian
Yredelemnul
The Shining One
Jiyva

Shops:
D:5 !

Annotations:
Lair:1 3 runed translucent doors, qw's ghost, novice TeWr


Message History

You are no longer corroded.
HP restored.
The oklob plant spits acid at you. The splash of acid hits you!
The acid corrodes you!
22914 ||| FLEEEEING.
You start resting.
You are no longer corroded.
HP restored.
Found 6 stones.
22930 ||| INVOKING Heroism.
You gain the combat prowess of a mighty hero.
The oklob plant spits acid at you. The splash of acid hits you!!
The oklob plant spits acid at you. The splash of acid hits you!
The oklob plant spits acid at you. The splash of acid hits you!!
Magic restored.
The oklob plant spits acid at you. The splash of acid misses you.
The oklob plant spits acid at you. The splash of acid hits you!!
The oklob plant spits acid at you. The splash of acid hits you!!
The acid corrodes you!
You feel like a meek peon again. The oklob plant spits acid at you.
The splash of acid misses you.
22953 ||| INVOKING Heroism.
You gain the combat prowess of a mighty hero.
The oklob plant spits acid at you. The splash of acid hits you! "Burn!
Burn until nothing is left!" 3 fire elementals come into view.
You claw the fire elemental!
The fire elemental is heavily damaged.
You miss the fire elemental.
The fire elemental is heavily damaged.
The oklob plant spits acid at you. The splash of acid hits you!!
You die...

### ### ##.####### #
.#P###.##.#.#.#####.####
...............%........
..>............E@E......
............PP##..E.....
#.##........#####.......
####.#......# .PPP...
.....##.....# (PPP[..
P....#........


.PPP .. +............. .. . .#.PP##.....# ... ..####.......# You could see an
oklob plant and 3 fire elementals.

Vanquished Creatures
  3 hydras
  2 catoblepae
  A two-headed ogre (D:8)
  4 death yaks (Lair:2)
  Nergalle (Lair:1)
  9 elephants
  A torpor snail (Lair:2)
  2 cane toads (Lair:1)
  Psyche (D:8)
  A rime drake (Lair:2)
  6 komodo dragons
  Prince Ribbit (D:5)
  Grinder (D:5)
  A polar bear (Lair:1)
  19 blink frogs
  A basilisk (Lair:1)
  25 yaks
  12 fire elementals (Lair:2)
  A steam dragon (D:8)
  2 wargs (D:8)
  Duvessa (D:4)
  3 water moccasins
  2 ice beasts
  2 orc warriors
  2 ogres
  6 wolves
  A centaur (D:6)
  A kobold brigand (D:8)
  9 bullfrogs
  2 necrophages
  4 scorpions
  4 wights (D:8)
  Dowan (D:4)
  2 howler monkeys
  4 hounds
  A jelly (D:6)
  4 orc priests
  5 iguanas (D:5)
  5 orc wizards
  8 adders
  3 gnolls (D:4)
  A white imp (D:7)
  An ufetubus (D:6)
  7 worms
  3 dart slugs
  16 orcs
  11 endoplasms
  A giant cockroach (D:4)
  12 goblins
  7 hobgoblins
  7 jackals
  9 quokkas
  4 ball pythons
  7 bats
  A frilled lizard (D:1)
  11 kobolds
  6 rats
268 creatures vanquished.

Vanquished Creatures (others)
  10 fungi
  9 plants
19 creatures vanquished.

Grand Total: 287 creatures vanquished

Notes
Turn   | Place    | Note
-------+----------+-------------------------------------------
     0 | D:1      | qw the Troll Cinder Acolyte began the quest for the Orb.
     0 | D:1      | Reached XP level 1. HP: 22/22 MP: 1/1
     0 | D:1      | 0 ||| qw: Version: 0.1-a-100-g36b9a1f
     0 | D:1      | 0 ||| qw: Game counter: 5030
     0 | D:1      | 0 ||| qw: Always use a shield: true
     0 | D:1      | 0 ||| qw: God list: Okawaru
     0 | D:1      | 0 ||| qw: Allow faded altars: false
     0 | D:1      | 0 ||| qw: Do Orc after D:15 true
     0 | D:1      | 0 ||| qw: Do second Lair branch before Depths: true
     0 | D:1      | 0 ||| qw: Lair rune preference: random
     0 | D:1      | 0 ||| qw: Plans: Normal
     0 | D:1      | 0 ||| PLANNING D:1-11
    23 | D:1      | 23 ||| Stepping ~*~*~tactically~*~*~ (hiding).
    24 | D:1      | 24 ||| Stepping ~*~*~tactically~*~*~ (hiding).
   149 | D:1      | 149 ||| Stepping ~*~*~tactically~*~*~ (stealth).
   159 | D:1      | Reached XP level 2. HP: 28/29 MP: 2/2
   390 | D:1      | Reached skill level 4 in Unarmed Combat
   468 | D:1      | Reached XP level 3. HP: 36/36 MP: 3/3
   889 | D:2      | 889 ||| Stepping ~*~*~tactically~*~*~ (stealth).
  1376 | D:2      | Reached skill level 1 in Throwing
  1376 | D:2      | Reached XP level 4. HP: 44/44 MP: 4/4
  1490 | D:2      | 1490 ||| READING scroll labelled SAOSIE CEIWIYS.
  1491 | D:2      | 1491 ||| READING 2 scrolls labelled GOMIUDYOPE.
  1494 | D:2      | 1494 ||| READING scroll labelled ANNISHURGHA.
  1495 | D:2      | 1495 ||| READING scroll labelled NIGOIKI WEGIB.
  1496 | D:2      | 1496 ||| READING scroll labelled CIEKOU NOINE.
  1497 | D:2      | 1497 ||| READING scroll labelled DIUL CENGAH.
  1498 | D:2      | 1498 ||| READING scroll labelled IJAICU DASTRUU.
  1552 | D:3      | 1552 ||| Stepping ~*~*~tactically~*~*~ (stealth).
  1633 | D:3      | 1633 ||| Stepping ~*~*~tactically~*~*~ (stealth).
  1638 | D:3      | 1638 ||| Stepping ~*~*~tactically~*~*~ (stealth).
  1668 | D:3      | Reached skill level 5 in Unarmed Combat
  1737 | D:3      | 1737 ||| Stepping ~*~*~tactically~*~*~ (stealth).
  1738 | D:3      | 1738 ||| Stepping ~*~*~tactically~*~*~ (stealth).
  1787 | D:3      | 1787 ||| Stepping ~*~*~tactically~*~*~ (stealth).
  1826 | D:3      | 1826 ||| Stepping ~*~*~tactically~*~*~ (stealth).
  1828 | D:3      | 1828 ||| Stepping ~*~*~tactically~*~*~ (hiding).
  1829 | D:3      | 1829 ||| FLEEEEING.
  1831 | D:3      | 1831 ||| FLEEEEING.
  1832 | D:3      | 1832 ||| FLEEEEING.
  1833 | D:3      | 1833 ||| FLEEEEING.
  1834 | D:3      | 1834 ||| FLEEEEING.
  1835 | D:3      | 1835 ||| FLEEEEING.
  1836 | D:3      | 1836 ||| FLEEEEING.
  1842 | D:3      | 1842 ||| Stepping ~*~*~tactically~*~*~ (hiding).
  1843 | D:3      | 1843 ||| Stepping ~*~*~tactically~*~*~ (hiding).
  1851 | D:3      | 1851 ||| INVOKING Fiery Armour.
  1855 | D:3      | 1855 ||| Stepping ~*~*~tactically~*~*~ (hiding).
  1868 | D:3      | HP: 10/44 [orc priest/divine providence (11)]
  1869 | D:3      | 1869 ||| READING scroll of teleportation.
  1872 | D:3      | HP: 4/44 [orc priest/nerve-wracking pain (6)]
  1874 | D:3      | Reached XP level 5. HP: 6/50 MP: 5/5
  2029 | D:3      | Found a glowing golden altar of the Shining One.
  2116 | D:3      | 2116 ||| UPGRADING to amulet of the acrobat.
  2121 | D:3      | 2121 ||| READING scroll labelled ETEORUITINU.
  2122 | D:3      | 2122 ||| READING scroll labelled GELOUNTODGH.
  2123 | D:3      | 2123 ||| DRINKING 2 purple potions.
  2175 | D:4      | Found a stormy altar of Qazlal.
  2192 | D:4      | 2192 ||| Stepping ~*~*~tactically~*~*~ (stealth).
  2214 | D:4      | Identified the +0 robe "Aninok" {rElec Dex+4}
  2249 | D:4      | 2249 ||| Stepping ~*~*~tactically~*~*~ (stealth).
  2258 | D:4      | Reached skill level 6 in Unarmed Combat
  2317 | D:4      | 2317 ||| Stepping ~*~*~tactically~*~*~ (stealth).
  2319 | D:4      | 2319 ||| FLEEEEING.
  2320 | D:4      | 2320 ||| STAIRDANCE
  2330 | D:3      | 2330 ||| UPGRADING to +0 robe "Aninok" {rElec Dex+4}.
  2340 | D:3      | 2340 ||| DROPPING +0 robe.
  2341 | D:3      | 2341 ||| READING scroll labelled BOYHOCR FUSUOMORE.
  2346 | D:4      | 2346 ||| INVOKING Fiery Armour.
  2348 | D:4      | Reached XP level 6. HP: 59/59 MP: 6/6
  2538 | D:4      | 2538 ||| Stepping ~*~*~tactically~*~*~ (stealth).
  2539 | D:4      | 2539 ||| Stepping ~*~*~tactically~*~*~ (stealth).
  2540 | D:4      | 2540 ||| Stepping ~*~*~tactically~*~*~ (stealth).
  2564 | D:4      | Found a burning altar of Makhleb.
  2616 | D:4      | Noticed Duvessa
  2616 | D:4      | Noticed Dowan
  2617 | D:4      | 2617 ||| INVOKING Fiery Armour.
  2623 | D:4      | Killed Duvessa
  2626 | D:4      | Killed Dowan
  2628 | D:4      | HP: 14/59 [poisoned by Dowan]
  2633 | D:4      | HP: 8/59 [poisoned by Dowan]
  2638 | D:4      | HP: 8/59 [poisoned by Dowan]
  2761 | D:4      | 2761 ||| INVOKING Fiery Armour.
  2778 | D:4      | Found an iron altar of Okawaru.
  2949 | D:4      | 2949 ||| UPGRADING to ring of protection from fire.
  2950 | D:4      | 2950 ||| UPGRADING to ring of protection from fire.
  2951 | D:4      | 2951 ||| READING scroll labelled ZUOMIE RAYHYSH.
  2952 | D:4      | 2952 ||| DRINKING 2 cyan potions.
  2953 | D:4      | 2953 ||| DROPPING potion of attraction.
  2976 | D:5      | Entered Level 5 of the Dungeon
  2979 | D:5      | Reached skill level 7 in Unarmed Combat
  2979 | D:5      | Reached XP level 7. HP: 66/66 MP: 7/7
  2983 | D:5      | Noticed Grinder
  2988 | D:5      | Paralysed by Grinder for 2 turns
  2991 | D:5      | Killed Grinder
  2992 | D:5      | Reached skill level 8 in Unarmed Combat
  3013 | D:5      | Identified the +12 rapier of Arupn {vorpal, rElec rF+++ rC-
                  | Int+3}
  3023 | D:5      | Found an ornate altar of the Wu Jian Council.
  3058 | D:5      | Reached skill level 3 in Fighting
  3153 | D:5      | 3153 ||| FLEEEEING.
  3268 | D:5      | Noticed Prince Ribbit
  3273 | D:5      | Killed Prince Ribbit
  3274 | D:5      | Reached skill level 3 in Throwing
  3274 | D:5      | Reached XP level 8. HP: 45/75 MP: 8/8
  3720 | D:5      | Found Uguog's Distillery.
  3728 | D:5      | 3728 ||| BUYING 2 potions of heal wounds (150 gold).
  3728 | D:5      | Bought 2 potions of heal wounds for 150 gold pieces
  3728 | D:5      | 3728 ||| BUYING potion of curing (45 gold).
  3728 | D:5      | Bought a potion of curing for 45 gold pieces
  3728 | D:5      | 3728 ||| SHOPLISTING potion of curing (45 gold, have 26).
  3728 | D:5      | 3728 ||| SHOPLISTING potion of haste (150 gold, have 26).
  3728 | D:5      | 3728 ||| SHOPLISTING potion of heal wounds (75 gold, have
                  | 26).
  3759 | D:5      | 3759 ||| UPGRADING to +2 cloak.
  3768 | D:5      | 3768 ||| READING scroll labelled JAROSU QENI.
  3869 | D:5      | 3869 ||| DRINKING 3 coppery potions.
  3870 | D:5      | 3870 ||| DRINKING 2 ruby potions.
  3871 | D:5      | 3871 ||| READING 3 scrolls of identify.
  3871 | D:5      | 3871 ||| IDENTIFYING smoky pink potion
  3872 | D:5      | 3872 ||| READING 2 scrolls of identify.
  3872 | D:5      | 3872 ||| IDENTIFYING red potion
  3873 | D:5      | 3873 ||| DROPPING 2 potions of degeneration.
  3874 | D:5      | 3874 ||| DROPPING potion of flight.
  3875 | D:5      | 3875 ||| DROPPING potion of brilliance.
  3940 | D:6      | 3940 ||| INVOKING Fiery Armour.
  3941 | D:6      | HP: 17/75 [ogre/+0 giant club (21)]
  3942 | D:6      | Reached skill level 9 in Unarmed Combat
  3942 | D:6      | 3942 ||| DRINKING 3 potions of heal wounds.
  4002 | D:6      | Found a staircase to the Ecumenical Temple.
  4012 | D:6      | 4012 ||| Stepping ~*~*~tactically~*~*~ (hiding).
  4023 | D:6      | 4023 ||| Stepping ~*~*~tactically~*~*~ (stealth).
  4039 | D:6      | 4039 ||| Stepping ~*~*~tactically~*~*~ (stealth).
  4052 | D:6      | Reached skill level 10 in Unarmed Combat
  4167 | D:6      | Found a basalt altar of Yredelemnul.
  4196 | D:6      | Found a radiant altar of Vehumet.
  4439 | D:6      | Found a shimmering blue altar of Sif Muna.
  4557 | D:6      | 4557 ||| UPGRADING to +2 hat.
  4562 | D:6      | 4562 ||| DROPPING ring of fire.
  4563 | D:6      | 4563 ||| READING 2 scrolls of identify.
  4563 | D:6      | 4563 ||| IDENTIFYING bubbling dark potion
  4750 | D:7      | Reached XP level 9. HP: 84/84 MP: 9/9
  4808 | D:7      | 4808 ||| Stepping ~*~*~tactically~*~*~ (stealth).
  4812 | D:7      | 4812 ||| Stepping ~*~*~tactically~*~*~ (stealth).
  4814 | D:7      | 4814 ||| INVOKING Fiery Armour.
  4818 | D:7      | 4818 ||| Stepping ~*~*~tactically~*~*~ (outnumbered).
  4825 | D:7      | 4825 ||| FLEEEEING.
  4826 | D:7      | 4826 ||| FLEEEEING.
  4827 | D:7      | 4827 ||| FLEEEEING.
  4828 | D:7      | 4828 ||| FLEEEEING.
  4829 | D:7      | 4829 ||| FLEEEEING.
  4830 | D:7      | 4830 ||| FLEEEEING.
  4831 | D:7      | 4831 ||| FLEEEEING.
  4832 | D:7      | 4832 ||| FLEEEEING.
  4833 | D:7      | 4833 ||| FLEEEEING.
  4834 | D:7      | 4834 ||| FLEEEEING.
  4835 | D:7      | 4835 ||| FLEEEEING.
  4836 | D:7      | 4836 ||| FLEEEEING.
  4837 | D:7      | 4837 ||| FLEEEEING.
  4838 | D:7      | 4838 ||| FLEEEEING.
  4839 | D:7      | 4839 ||| FLEEEEING.
  5025 | D:7      | 5025 ||| Stepping ~*~*~tactically~*~*~ (stealth).
  5026 | D:7      | 5026 ||| Stepping ~*~*~tactically~*~*~ (stealth).
  5032 | D:7      | 5032 ||| Stepping ~*~*~tactically~*~*~ (stealth).
  5050 | D:7      | Reached skill level 11 in Unarmed Combat
  5291 | D:7      | 5291 ||| Stepping ~*~*~tactically~*~*~ (hiding).
  5468 | D:7      | 5468 ||| UPGRADING to +6 ring of dexterity.
  5470 | D:7      | 5470 ||| READING scroll labelled DESIAKHIARR.
  5471 | D:7      | 5471 ||| READING scroll of teleportation.
  5480 | D:6      | 5480 ||| Stepping randomly (stuck).
 18840 | D:6      | 18840 ||| PLANNING D:1-11
 19045 | D:8      | Found Okecozxum's Antique Weapon Emporium.
 19075 | D:8      | Reached skill level 3 in Dodging
 19075 | D:8      | 19075 ||| PLANNING D:1-11
 19117 | D:8      | 19117 ||| Stepping ~*~*~tactically~*~*~ (hiding).
 19141 | D:8      | 19141 ||| DRINKING 3 potions of curing.
 19141 | D:8      | 19141 ||| (to cure confusion)
 19154 | D:8      | 19154 ||| Stepping ~*~*~tactically~*~*~ (stealth).
 19164 | D:8      | Noticed a two-headed ogre
 19165 | D:8      | 19165 ||| INVOKING Fiery Armour.
 19174 | D:8      | 19174 ||| Stepping ~*~*~tactically~*~*~ (outnumbered).
 19187 | D:8      | Killed a two-headed ogre
 19188 | D:8      | Reached skill level 12 in Unarmed Combat
 19189 | D:8      | 19189 ||| FLEEEEING.
 19190 | D:8      | 19190 ||| FLEEEEING.
 19192 | D:8      | 19192 ||| FLEEEEING.
 19193 | D:8      | 19193 ||| FLEEEEING.
 19194 | D:8      | 19194 ||| FLEEEEING.
 19197 | D:8      | 19197 ||| FLEEEEING.
 19198 | D:8      | 19198 ||| FLEEEEING.
 19199 | D:8      | 19199 ||| FLEEEEING.
 19200 | D:8      | 19200 ||| FLEEEEING.
 19358 | D:8      | Found a staircase to the Lair.
 19405 | D:8      | Noticed Psyche
 19413 | D:8      | 19413 ||| DRINKING potion of cancellation.
 19414 | D:8      | Killed Psyche
 19415 | D:8      | Reached XP level 10. HP: 94/94 MP: 10/10
 19500 | D:8      | Noticed a catoblepas
 19501 | D:8      | 19501 ||| INVOKING Fiery Armour.
 19507 | D:8      | 19507 ||| Stepping ~*~*~tactically~*~*~ (cloud).
 19508 | D:8      | 19508 ||| Stepping ~*~*~tactically~*~*~ (cloud).
 19514 | D:8      | Killed a catoblepas
 19684 | D:8      | Identified the +10 triple crossbow of an ice cave {freeze,
                  | +Blink rC+ Dex+2}
 19831 | D:8      | 19831 ||| PLANNING LAIR
 19831 | D:8      | 19831 ||| READING scroll labelled KEAGIME UPOWI.
 19877 | D:8      | 19877 ||| READING scroll labelled SUAG YHEALO.
 19878 | D:8      | 19878 ||| READING 2 scrolls of identify.
 19878 | D:8      | 19878 ||| IDENTIFYING emerald potion
 19926 | Lair:1   | Entered Level 1 of the Lair of Beasts
 19931 | Lair:1   | 19931 ||| Stepping ~*~*~tactically~*~*~ (stealth).
 19936 | Lair:1   | 19936 ||| INVOKING Fiery Armour.
 19940 | Lair:1   | 19940 ||| Stepping ~*~*~tactically~*~*~ (outnumbered).
 19942 | Lair:1   | 19942 ||| Stepping ~*~*~tactically~*~*~ (outnumbered).
 19943 | Lair:1   | 19943 ||| Stepping ~*~*~tactically~*~*~ (outnumbered).
 19944 | Lair:1   | 19944 ||| Stepping ~*~*~tactically~*~*~ (outnumbered).
 19956 | Lair:1   | Reached skill level 13 in Unarmed Combat
 19958 | Lair:1   | Reached skill level 1 in Armour
 19999 | Lair:1   | Found a runed translucent gate.
 19999 | Lair:1   | Found a runed translucent gate.
 20000 | Lair:1   | Found a runed translucent gate.
 20000 | Lair:1   | Noticed qw's ghost (novice TeWr)
 20002 | Lair:1   | Found a viscous altar of Jiyva.
 20011 | Lair:1   | Noticed a six-headed hydra
 20017 | Lair:1   | Killed an eight-headed hydra
 20185 | Lair:1   | Noticed a cane toad
 20194 | Lair:1   | Killed a cane toad
 20238 | Lair:1   | 20238 ||| INVOKING Fiery Armour.
 20261 | Lair:1   | Reached skill level 14 in Unarmed Combat
 20265 | Lair:1   | Reached skill level 6 in Fighting
 20296 | Lair:1   | Reached XP level 11. HP: 105/105 MP: 11/11
 20350 | Lair:1   | Noticed a six-headed hydra
 20351 | Lair:1   | 20351 ||| INVOKING Fiery Armour.
 20353 | Lair:1   | Killed a seven-headed hydra
 20506 | Lair:1   | Noticed Nergalle
 20514 | Lair:1   | 20514 ||| INVOKING Fiery Armour.
 20517 | Lair:1   | 20517 ||| Stepping ~*~*~tactically~*~*~ (outnumbered).
 20530 | Lair:1   | Killed Nergalle
 20532 | Lair:1   | HP: 26/104 [poisoned by Nergalle]
 20533 | Lair:1   | 20533 ||| DRINKING 2 potions of heal wounds.
 20695 | Lair:1   | Reached skill level 15 in Unarmed Combat
 21055 | Lair:1   | 21055 ||| UPGRADING to +4 ring of evasion.
 21057 | Lair:1   | 21057 ||| UPGRADING to ring of protection from fire.
 21059 | Lair:1   | 21059 ||| DRINKING 2 bubbling cyan potions.
 21085 | Lair:1   | 21085 ||| DRINKING 3 fuming puce potions.
 21086 | Lair:1   | 21086 ||| DROPPING potion of lignification.
 21125 | Lair:2   | Noticed a catoblepas
 21127 | Lair:2   | 21127 ||| INVOKING Fiery Armour.
 21131 | Lair:2   | 21131 ||| Stepping ~*~*~tactically~*~*~ (cloud).
 21132 | Lair:2   | 21132 ||| Stepping ~*~*~tactically~*~*~ (cloud).
 21135 | Lair:2   | Killed a catoblepas
 21195 | Lair:2   | Found a hole to the Spider Nest.
 21195 | Lair:2   | Noticed a death yak
 21195 | Lair:2   | Noticed a death yak
 21196 | Lair:2   | 21196 ||| PLANNING CONVERSION TO OKAWARU
 21196 | Lair:2   | 21196 ||| Stepping ~*~*~tactically~*~*~ (stealth).
 21196 | Lair:2   | Noticed a death yak
 21197 | Lair:2   | Noticed a death yak
 21197 | Lair:2   | 21197 ||| Stepping ~*~*~tactically~*~*~ (stealth).
 21201 | Lair:2   | 21201 ||| Stepping ~*~*~tactically~*~*~ (outnumbered).
 21202 | Lair:2   | 21202 ||| Stepping ~*~*~tactically~*~*~ (outnumbered).
 21203 | Lair:2   | 21203 ||| Stepping ~*~*~tactically~*~*~ (outnumbered).
 21204 | Lair:2   | 21204 ||| Stepping ~*~*~tactically~*~*~ (outnumbered).
 21207 | Lair:2   | 21207 ||| Stepping ~*~*~tactically~*~*~ (outnumbered).
 21209 | Lair:2   | 21209 ||| Stepping ~*~*~tactically~*~*~ (outnumbered).
 21210 | Lair:2   | 21210 ||| Stepping ~*~*~tactically~*~*~ (outnumbered).
 21217 | Lair:2   | Killed a death yak
 21221 | Lair:2   | Killed a death yak
 21223 | Lair:2   | Killed a death yak
 21224 | Lair:2   | Reached skill level 16 in Unarmed Combat
 21230 | Lair:2   | Killed a death yak
 21447 | D:4      | Fell from the grace of Ignis
 21447 | D:4      | Became a worshipper of Warmaster Okawaru
 21448 | D:4      | 21448 ||| PLANNING LAIR
 21448 | D:4      | 21448 ||| READING scroll labelled LIUBUA DYHA.
 21448 | D:4      | Identified a scroll of acquirement
 21448 | D:4      | 21448 ||| ACQUIRING +1 robe "Sonuqiaf" {rN++ Str+7
                  | Archmagi}
 21448 | D:4      | Acquired the +1 robe "Sonuqiaf" {rN++ Str+7 Archmagi}
 21450 | D:4      | 21450 ||| DROPPING +0 steam dragon scales.
 21451 | D:4      | 21451 ||| UPGRADING to +1 robe "Sonuqiaf" {rN++ Str+7
                  | Archmagi}.
 21461 | D:4      | 21461 ||| DROPPING +0 robe "Aninok" {rElec Dex+4}.
 21462 | D:4      | 21462 ||| READING 2 scrolls of identify.
 21462 | D:4      | 21462 ||| IDENTIFYING pink potion
 21685 | Lair:2   | 21685 ||| Stepping ~*~*~tactically~*~*~ (stealth).
 21711 | Lair:2   | 21711 ||| Stepping ~*~*~tactically~*~*~ (stealth).
 21752 | Lair:2   | 21752 ||| Stepping ~*~*~tactically~*~*~ (stealth).
 21775 | Lair:2   | 21775 ||| Stepping ~*~*~tactically~*~*~ (stealth).
 21777 | Lair:2   | 21777 ||| Stepping ~*~*~tactically~*~*~ (outnumbered).
 21778 | Lair:2   | 21778 ||| Stepping ~*~*~tactically~*~*~ (outnumbered).
 21779 | Lair:2   | 21779 ||| Stepping ~*~*~tactically~*~*~ (outnumbered).
 21780 | Lair:2   | 21780 ||| Stepping ~*~*~tactically~*~*~ (outnumbered).
 21781 | Lair:2   | 21781 ||| Stepping ~*~*~tactically~*~*~ (outnumbered).
 21783 | Lair:2   | 21783 ||| Stepping ~*~*~tactically~*~*~ (outnumbered).
 21784 | Lair:2   | 21784 ||| Stepping ~*~*~tactically~*~*~ (outnumbered).
 21787 | Lair:2   | 21787 ||| Stepping ~*~*~tactically~*~*~ (outnumbered).
 21790 | Lair:2   | 21790 ||| Stepping ~*~*~tactically~*~*~ (stealth).
 21795 | Lair:2   | Reached * piety under Okawaru
 21796 | Lair:2   | Reached XP level 12. HP: 118/118 MP: 12/12
 21796 | Lair:2   | 21796 ||| INVOKING Heroism.
 21800 | Lair:2   | 21800 ||| Stepping ~*~*~tactically~*~*~ (stealth).
 21805 | Lair:2   | Reached skill level 1 in Invocations
 21810 | Lair:2   | 21810 ||| INVOKING Heroism.
 21835 | Lair:2   | 21835 ||| INVOKING Heroism.
 21835 | Lair:2   | HP: 25/118 [elephant (6)]
 21836 | Lair:2   | 21836 ||| READING scroll of teleportation.
 21837 | Lair:2   | 21837 ||| DRINKING potion of heal wounds.
 21910 | Lair:2   | Reached skill level 3 in Invocations
 21918 | Lair:2   | 21918 ||| Stepping ~*~*~tactically~*~*~ (stealth).
 21923 | Lair:2   | 21923 ||| Stepping ~*~*~tactically~*~*~ (outnumbered).
 21926 | Lair:2   | Reached ** piety under Okawaru
 21928 | Lair:2   | 21928 ||| FLEEEEING.
 21931 | Lair:2   | 21931 ||| FLEEEEING.
 21932 | Lair:2   | 21932 ||| FLEEEEING.
 21933 | Lair:2   | 21933 ||| FLEEEEING.
 21936 | Lair:2   | 21936 ||| FLEEEEING.
 21942 | Lair:2   | 21942 ||| Stepping ~*~*~tactically~*~*~ (outnumbered).
 21962 | Lair:2   | Noticed a six-headed hydra
 21963 | Lair:2   | 21963 ||| Stepping ~*~*~tactically~*~*~ (stealth).
 22006 | Lair:2   | 22006 ||| INVOKING Heroism.
 22012 | Lair:2   | Killed a seven-headed hydra
 22082 | Lair:2   | 22082 ||| Stepping ~*~*~tactically~*~*~ (stealth).
 22083 | Lair:2   | 22083 ||| Stepping ~*~*~tactically~*~*~ (stealth).
 22095 | Lair:2   | 22095 ||| FLEEEEING.
 22102 | Lair:2   | Reached skill level 17 in Unarmed Combat
 22112 | Lair:2   | 22112 ||| FLEEEEING.
 22113 | Lair:2   | 22113 ||| FLEEEEING.
 22115 | Lair:2   | 22115 ||| FLEEEEING.
 22116 | Lair:2   | 22116 ||| FLEEEEING.
 22117 | Lair:2   | 22117 ||| FLEEEEING.
 22118 | Lair:2   | 22118 ||| FLEEEEING.
 22119 | Lair:2   | 22119 ||| FLEEEEING.
 22120 | Lair:2   | 22120 ||| FLEEEEING.
 22121 | Lair:2   | 22121 ||| FLEEEEING.
 22122 | Lair:2   | 22122 ||| FLEEEEING.
 22123 | Lair:2   | 22123 ||| STAIRDANCE
 22159 | Lair:1   | 22159 ||| DROPPING amulet of guardian spirit.
 22239 | Lair:2   | 22239 ||| INVOKING Heroism.
 22431 | Lair:2   | 22431 ||| FLEEEEING.
 22432 | Lair:2   | 22432 ||| FLEEEEING.
 22433 | Lair:2   | 22433 ||| FLEEEEING.
 22434 | Lair:2   | 22434 ||| FLEEEEING.
 22435 | Lair:2   | 22435 ||| FLEEEEING.
 22436 | Lair:2   | 22436 ||| FLEEEEING.
 22437 | Lair:2   | 22437 ||| FLEEEEING.
 22443 | Lair:2   | 22443 ||| INVOKING Heroism.
 22524 | Lair:2   | 22524 ||| Stepping ~*~*~tactically~*~*~ (stealth).
 22526 | Lair:2   | 22526 ||| Stepping ~*~*~tactically~*~*~ (stealth).
 22530 | Lair:2   | 22530 ||| Stepping ~*~*~tactically~*~*~ (stealth).
 22531 | Lair:2   | 22531 ||| Stepping ~*~*~tactically~*~*~ (stealth).
 22534 | Lair:2   | 22534 ||| INVOKING Heroism.
 22548 | Lair:2   | Reached *** piety under Okawaru
 22548 | Lair:2   | Received a gift from Okawaru
 22745 | Lair:3   | 22745 ||| STAIRDANCE
 22779 | Lair:3   | 22779 ||| INVOKING Heroism.
 22813 | Lair:3   | 22813 ||| INVOKING Heroism.
 22820 | Lair:3   | 22820 ||| Stepping ~*~*~tactically~*~*~ (outnumbered).
 22825 | Lair:3   | Received a gift from Okawaru
 22866 | Lair:3   | 22866 ||| INVOKING Heroism.
 22873 | Lair:3   | 22873 ||| FLEEEEING.
 22914 | Lair:3   | 22914 ||| FLEEEEING.
 22930 | Lair:3   | 22930 ||| INVOKING Heroism.
 22951 | Lair:3   | HP: 26/118 [oklob plant/splash of acid (25)]
 22953 | Lair:3   | 22953 ||| INVOKING Heroism.
 22957 | Lair:3   | Killed from afar by an oklob plant

Levels and vault maps discovered:
D:1:      moated_graveyard_arrival, layout_rooms,
          hangedman_abyss_or_decor_lesser_grid
D:2:      layout_basic, minmay_pentomino_r2
D:3:      layout_rooms, mainiacjoe_overflow_paths
D:4:      dreamdust_elfheim, layout_loops_ring, okawaru_altar_gauntlet_db,
          mainiacjoe_overflow_concentric_impassable, old_standard_altar,
          grunt_decor_fettered
D:5:      layout_gridville, nicolae_wu_jian_glorious_leap, serial_shops, shop,
          nicolae_wormholes, uniq_grinder, uniq_prince_ribbit1
D:6:      layout_rooms, lemuel_blue_sif_altar, mainiacjoe_overflow_two_lobes,
          minmay_temple_entry_from_below_a, serial_park_tiny_1
D:7:      layout_basic
D:8:      layout_loops_cross, erik_lair_orcish_takeover, serial_shops,
          nicolae_shop_window_shopping, uniq_psyche
Lair:1:   layout_loops_ring, gammafunk_ghost_ooze, serial_bayou_shore_b,
          uniq_nergalle
Lair:2:   layout_roguey, spider_nest_entry_web_field
Lair:3:   layout_regular_city, elwin_shoals_entry_stream,
          minmay_lair_oklob_bushes, kennysheep_basilisk_garden, uniq_kirke

Skill      XL: |  1  2  3  4  5  6  7  8  9 10 11 12 |
---------------+-------------------------------------+-----
Unarmed Combat | 4 5 6 7 8 10 12 14 16 17 | 17.7
Throwing       | 1 2 3 5 |  5.9
Dodging        | 2 3 4 |  4.0
Fighting       | 3 4 6 7 |  7.0
Armour         | 1 |  1.1
Invocations    | 4 |  4.0
Spellcasting   | |  1.0
Fire Magic     | |  2.1

Action                   |  1- 3 |  4- 6 |  7- 9 | 10-12 || total
-------------------------+-------+-------+-------+-------++-------
Melee: Unarmed           |    96 |   112 |   141 |   327 ||   676
       Punch             |     2 |     7 |     8 |    29 ||    46
Throw: Large rock        |     5 |    31 |    15 |     3 ||    54
       Boomerang         |       |     1 |    10 |    56 ||    67
       Javelin           |       |       |    35 |    42 ||    77
Invok: Fiery Armour      |       |     4 |     3 |     6 ||    13
       Heroism           |       |       |       |    12 ||    12
  Use: Scroll            |       |    12 |     6 |     6 ||    24
       Potion            |       |     2 |     5 |     4 ||    11
Armor: Robe              |    37 |    26 |    27 |    97 ||   187
Dodge: Dodged            |    48 |    40 |    50 |   143 ||   281

Table legend:
 A = Non-vault XP
 B = Vault XP
 C = Vault XP percentage of total XP
 D = Non-vault monster count
 E = Vault monster count
 F = Vault count percentage of total count
                 A         B        C        D         E       F
            +---------+---------+-------+---------+---------+-------
      Total |   31770 |    2565 |   7.5 |     227 |      29 |  11.3
            +---------+---------+-------+---------+---------+-------
        D:1 |      42 |       0 |   0.0 |      24 |       0 |   0.0
        D:2 |      59 |       3 |   4.8 |      19 |       2 |   9.5
        D:3 |     124 |       0 |   0.0 |      25 |       0 |   0.0
        D:4 |     230 |     274 |  54.4 |      23 |       8 |  25.8
        D:5 |     430 |     576 |  57.3 |      10 |       8 |  44.4
        D:6 |     930 |       0 |   0.0 |      15 |       0 |   0.0
        D:7 |     834 |       0 |   0.0 |      12 |       0 |   0.0
        D:8 |    2280 |     945 |  29.3 |      12 |      10 |  45.5
     Lair:1 |    7895 |     767 |   8.9 |      25 |       1 |   3.8
     Lair:2 |   16243 |       0 |   0.0 |      50 |       0 |   0.0
     Lair:3 |    2703 |       0 |   0.0 |      12 |       0 |   0.0
            +---------+---------+-------+---------+---------+-------
